General information
- name: BNet
- type: Ladder team game (AT/RT)
- host: Battle.net
- saver: PEYTON-WINS.
map: FullScaleAssault
- players: 8
- length: 03:40
- speed: Fast
- version: 1.26 W3XP
- replay type: Public
» download(18 KB)
Players
team 1 (winner)
axeman227 (
purple | 29 APM | 104 actions | 03:37)
1 Archmage
1 Summon Water Elemental
» actions
| Build / train | 16 | |
| Enter build submenu | 9 | |
| Enter hero's abilities submenu | 1 | |
| Right click | 25 | |
| Select / deselect | 43 | |
| Use ability | 10 | |
104 total
» units
» buildings
| Barracks | 1 | |
| Farm | 5 | |
| Altar of Kings | 1 | |
| Scout Tower | 2 | |
| Arcane Tower | 1 | |
10 total
» build order
00:20 Barracks
00:24 Farm
00:53 Altar of Kings
01:02 Farm
01:43 Farm
02:01 Scout Tower
02:03 Scout Tower
02:20 Farm
02:35 Arcane Tower
02:57 Farm
Pocket (
red | 63 APM | 229 actions | 03:37)
» actions
| Assign group hotkey | 10 | |
| Build / train | 10 | |
| Enter build submenu | 6 | |
| Right click | 68 | |
| Select / deselect | 55 | |
| Select group hotkey | 73 | |
| Use ability | 7 | |
229 total
» units
| Acolyte | 2 | |
| Ghoul | 1 | |
| Crypt Fiend | 3 | |
6 total
» buildings
| Crypt | 1 | |
| Graveyard | 1 | |
| Ziggurat | 2 | |
| Altar of Darkness | 1 | |
| Tomb of Relics | 1 | |
| Nerubian Tower | 1 | |
7 total
» build order
00:20 Crypt
00:24 Graveyard
00:38 Ziggurat
01:01 Altar of Darkness
01:22 Tomb of Relics
02:01 Ziggurat
02:46 Nerubian Tower
» items
| Rod of Necromancy | 1 | |
| Sacrificial Skull | 1 | |
2 total

»
MrCheese (
pink | 89 APM | 324 actions | 03:37)
1 Death Knight
1 Death Coil
» actions
| Assign group hotkey | 11 | |
| Basic commands | 27 | |
| Build / train | 14 | |
| Enter build submenu | 8 | |
| Enter hero's abilities submenu | 1 | |
| Right click | 93 | |
| Select / deselect | 72 | |
| Select group hotkey | 88 | |
| Use ability | 10 | |
324 total
» units
| Acolyte | 3 | |
| Ghoul | 1 | |
| Crypt Fiend | 5 | |
9 total
» buildings
| Graveyard | 1 | |
| Crypt | 1 | |
| Altar of Darkness | 1 | |
| Ziggurat | 2 | |
| Tomb of Relics | 1 | |
| Halls of the Dead | 2 | |
8 total
» build order
00:10 Graveyard
00:13 Crypt
00:34 Altar of Darkness
00:48 Ziggurat
01:14 Tomb of Relics
01:50 Ziggurat
03:21 Halls of the Dead
» items
PEYTON-WINS. (
blue | 32 APM | 119 actions | 03:40)
1 Blademaster
1 Wind Walk
» actions
| Assign group hotkey | 5 | |
| Build / train | 17 | |
| Enter build submenu | 3 | |
| Enter hero's abilities submenu | 1 | |
| Remove unit from queue | 1 | |
| Right click | 36 | |
| Select / deselect | 24 | |
| Select group hotkey | 21 | |
| Use ability | 11 | |
119 total
» units
» buildings
| Altar of Storms | 1 | |
| Orc Burrow | 1 | |
| Voodoo Lounge | 1 | |
| Stronghold | 2 | |
5 total
» build order
00:19 Altar of Storms
00:23 Orc Burrow
01:38 Voodoo Lounge
02:45 Stronghold
02:45 Stronghold
» items
team 2 (loser)

»
TreeZoN (
yellow | 14 APM | 41 actions | 02:59)
1 Archmage
1 Summon Water Elemental
» actions
| Build / train | 10 | |
| Enter build submenu | 3 | |
| Enter hero's abilities submenu | 1 | |
| Right click | 14 | |
| Select / deselect | 10 | |
| Use ability | 3 | |
41 total
» units
» buildings
| Altar of Kings | 1 | |
| Farm | 2 | |
| Keep | 1 | |
4 total
» build order
00:11 Altar of Kings
00:14 Farm
00:15 Farm
02:12 Keep
SZ_MaNiAX (
green | 46 APM | 132 actions | 02:52)
1 Mountain King
1 Storm Bolt
» actions
| Assign group hotkey | 2 | |
| Basic commands | 2 | |
| Build / train | 20 | |
| Enter build submenu | 8 | |
| Enter hero's abilities submenu | 1 | |
| Remove unit from queue | 1 | |
| Right click | 34 | |
| Select / deselect | 37 | |
| Select group hotkey | 19 | |
| Use ability | 8 | |
132 total
» units
» buildings
| Altar of Kings | 1 | |
| Barracks | 1 | |
| Farm | 4 | |
| Arcane Vault | 1 | |
7 total
» build order
00:21 Altar of Kings
00:38 Barracks
00:52 Farm
01:09 Farm
01:52 Farm
02:17 Arcane Vault
02:29 Farm

»
nwordsinparis (
teal | 26 APM | 76 actions | 02:57)
» actions
| Build / train | 13 | |
| Enter build submenu | 9 | |
| Right click | 17 | |
| Select / deselect | 29 | |
| Use ability | 8 | |
76 total
» units
» buildings
| Farm | 3 | |
| Barracks | 1 | |
| Lumber Mill | 1 | |
| Altar of Kings | 1 | |
| Arcane Vault | 1 | |
| Scout Tower | 1 | |
8 total
» build order
00:21 Farm
00:24 Barracks
00:55 Lumber Mill
01:10 Altar of Kings
01:24 Farm
01:59 Arcane Vault
02:33 Farm
02:42 Scout Tower
G4RY (
orange | 10 APM | 37 actions | 03:37)
» actions
| Build / train | 8 | |
| Enter build submenu | 4 | |
| Right click | 8 | |
| Select / deselect | 13 | |
| Use ability | 4 | |
37 total
» units
» buildings
| Ziggurat | 2 | |
| Crypt | 1 | |
| Altar of Darkness | 1 | |
4 total
» build order
00:14 Ziggurat
00:16 Crypt
00:52 Altar of Darkness
01:31 Ziggurat
Chat log
(01:52 / All) PEYTON-WINS.: permission to ask a question, gentlemen?
(02:04 / All) G4RY: permission granted
(02:21 / All) PEYTON-WINS.: I have played thousands of 4v4rt game, is it just me, or is there leavers in like 4/5 of the games now
(02:39 / All) G4RY: 4/5 is pretty high, id say 2/5
(02:48 / All) PEYTON-WINS.: its never been this bad
(02:52 / All) PEYTON-WINS.: u would think the new maps would make it more friendly
(02:57 / All) PEYTON-WINS.: see
(02:58 / All) PEYTON-WINS.: dischack?
(03:10 / All) G4RY: lol uhh
(03:12 / All) PEYTON-WINS.: i swear to god it wasnt me lolz
(03:17 / All) PEYTON-WINS.: that was strange
(03:19 / All) G4RY: blue hax
(03:34 / All) G4RY: reporting you to homeland security